[Event "Titled Tuesday Blitz June 07 Late 2022"]
[White "Larino Nieto, David"]
[Black "Cruz Mendez, Jean Marco"]
[WhiteFideId "2256444"]
[BlackFideId "3526402"]
[WhiteElo "2532"]
[BlackElo "2064"]
[Result "1-0"]
[Round "05"]
[TimeControl "180+1"]
[Date "2022.06.07"]
[WhiteClock "0:00:03"]
[BlackClock "0:00:06"]

1. Nf3 Nf6 2. b3 g6 3. Bb2 Bg7 4. g3 O-O 5. Bg2 d6 6. O-O e5 7. d3 Nc6 8. c4 h5 9. Nc3 Ne7 10. h3 Bf5 11. Ng5 c6 12. Kh2 Bh6 13. f4 Nd7 14. e4 Bxg5 15. fxg5 Be6 16. Qd2 Kg7 17. Nd5 Bxd5 18. cxd5 c5 19. Rf2 Ng8 20. Raf1 a5 21. a4 b6 22. g4 hxg4 23. hxg4 f6 24. gxf6+ Rxf6 25. g5 Rxf2 26. Qxf2 Qe7 27. Qg3 Rf8 28. Qg4 Rxf1 29. Bxf1 Qf7 30. Kg1 Nf8 31. Bc1 Qc7 32. Be3 Qd8 33. Bh3 Qc7 34. Qe2 Qd8 35. Kg2 Qc7 36. Qc2 Qd8 37. Qc4 Qc7 38. Qb5 Kf7 39. Qc6 Qxc6 40. dxc6 Ne7 41. Bd7 Ne6 42. Kf3 Nc7 43. Ke2 Ng8 44. Kd2 Ke7 45. Kc2 Kd8 46. Kc3 Ne7 47. Kc4 Ng8 48. Bd2 Ne7 49. Bc1 Ng8 50. Bb2 Ne7 51. Bc3 Ng8 52. Ba1 Ne7 53. Bb2 Ng8 54. b4 axb4 55. Bc1 Ne7 56. Be3 Ng8 57. Bf2 Ne7 58. Bg3 Ng8 59. d4 cxd4 60. Kxb4 Ne7 61. Kc4 Na8 62. Kb5 Kc7 63. Be1 Kb8 64. Bb4 Kc7 65. a5 bxa5 66. Bxa5+ Kb8 67. Bd8 Nc7+ 68. Kb6 Ned5+ 69. exd5 Nxd5+ 70. Kb5 Nc7+ 71. Kc4 d5+ 72. Kd3 Nb5 73. Be6 e4+ 74. Kd2 e3+ 75. Kd3 Nc3 76. c7+ Ka7 77. c8=Q 1-0


[Site "https://www.chess.com"]

[Event "Titled Tuesday Blitz June 07 Late 2022"]
[White "Le Goff, Ronan"]
[Black "Lobanov, Sergei"]
[WhiteFideId "612073"]
[BlackFideId "24183750"]
[WhiteElo "2276"]
[BlackElo "2524"]
[Result "0-1"]
[Round "05"]
[TimeControl "180+1"]
[Date "2022.06.07"]
[WhiteClock "0:00:19"]
[BlackClock "0:00:12"]

1. d4 Nf6 2. Bf4 d5 3. Nc3 c5 4. e3 cxd4 5. exd4 Bg4 6. Be2 Bxe2 7. Qxe2 e6 8. Nb5 Na6 9. Nf3 Be7 10. h3 O-O 11. O-O Qb6 12. a4 Nb4 13. c3 Nc6 14. Bc7 Qa6 15. Rfe1 Rfc8 16. Bh2 Qb6 17. Ne5 Nxe5 18. Bxe5 a6 19. Na3 Qb3 20. Qc2 Qxc2 21. Nxc2 Nd7 22. Bg3 Nb6 23. Ne3 Kf8 24. Re2 Nc4 25. Ng4 h5 26. Ne5 h4 27. Bh2 Nxe5 28. Bxe5 g6 29. Bf4 Ke8 30. f3 Kd7 31. Kf2 b5 32. axb5 axb5 33. Rxa8 Rxa8 34. Ke1 b4 35. Kd2 Kc6 36. Kc2 Kb5 37. Kb3 Ra1 38. Bd2 bxc3 39. Bxc3 Rd1 40. Kc2 Rg1 41. Kb3 Bd6 42. Be1 Be7 43. Bd2 Bf6 44. Be3 Rd1 45. Kc2 Ra1 46. Kb3 Ra4 47. Rc2 Bxd4 48. Bg5 Rb4+ 49. Ka2 Rc4 50. Rxc4 Kxc4 51. Bxh4 Bc5 52. Be1 d4 53. Kb1 Kd3 54. Kc1 Ke2 55. Bd2 d3 56. b4 Bb6 57. b5 f5 58. h4 e5 59. g4 e4 60. h5 e3 61. Bxe3 Bxe3+ 62. Kb2 d2 63. hxg6 d1=Q 64. g7 Bd4+ 65. Ka3 Bxg7 66. gxf5 Qd5 67. b6 Qb7 68. f6 Bxf6 69. f4 Ke3 70. f5 Kf4 71. Ka4 Kxf5 72. Kb5 Ke6 73. Kc4 Kd6 74. Kd3 Kd5 75. Kc2 Qxb6 76. Kd3 Qb3+ 77. Ke2 Bd8 78. Kd2 Ke4 79. Kc1 Qa2 80. Kd1 Kd3 81. Kc1 Qc2# 0-1


[Site "https://www.chess.com"]

[Event "Titled Tuesday Blitz June 07 Late 2022"]
[White "Licznerski, Lukasz"]
[Black "Sarana, Alexey"]
[WhiteFideId "1179250"]
[BlackFideId "24133795"]
[WhiteElo "2387"]
[BlackElo "2666"]
[Result "1-0"]
[Round "05"]
[TimeControl "180+1"]
[Date "2022.06.07"]
[WhiteClock "0:00:03"]
[BlackClock "0:00:02"]

1. e4 c5 2. Nf3 d6 3. d4 cxd4 4. Nxd4 Nf6 5. Nc3 a6 6. Be2 e5 7. Nf3 Be7 8. Bg5 Be6 9. Bxf6 Bxf6 10. Qd2 Be7 11. O-O Nd7 12. Nd5 Nb6 13. Nxe7 Qxe7 14. Rfd1 Rd8 15. b3 O-O 16. Qe3 Nd7 17. Rd2 Nf6 18. Rad1 Qc7 19. h3 Rd7 20. Ng5 Rfd8 21. f4 exf4 22. Qxf4 Qc5+ 23. Kh1 h6 24. Nf3 d5 25. exd5 Rxd5 26. c4 Rxd2 27. Rxd2 Re8 28. Nd4 Bd7 29. Bf3 b5 30. cxb5 axb5 31. Kh2 Qc1 32. Ne2 Qe1 33. Ng3 Rc8 34. Rd1 Qe8 35. Rd2 Qe1 36. Rd1 Qf2 37. Rd2 Qc5 38. Ne4 Nxe4 39. Bxe4 Be6 40. Rc2 Qf8 41. Rxc8 Qxc8 42. a4 g5 43. Qd6 bxa4 44. bxa4 Qc4 45. Bc6 Qc3 46. Bf3 Kg7 47. Qb6 Qe5+ 48. g3 Qc3 49. Bg2 Qd2 50. Qb5 Bd7 51. Qe5+ Kg8 52. Qe4 Qa2 53. Qa8+ Kg7 54. a5 Bb5 55. Kg1 Qa1+ 56. Kh2 Bc4 57. Qe4 Be6 58. Qb4 Qa2 59. Qd4+ Kg8 60. Qd8+ Kh7 61. Qd3+ Kg7 62. Qd4+ Kg6 63. Qd3+ Kf6 64. Qd4+ Ke7 65. Qc5+ Kd7 66. Qc6+ Kd8 67. a6 Bd7 68. Qa8+ Ke7 69. a7 Bxh3 70. Qe4+ Kf6 71. a8=Q Bxg2 72. Qxg2 Qb3 73. Qaf3+ Kg7 74. Qxb3 1-0


[Site "https://www.chess.com"]

[Event "Titled Tuesday Blitz June 07 Late 2022"]
[White "Maghsoodloo, Parham"]
[Black "Rychagov, Andrey"]
[WhiteFideId "12539929"]
[BlackFideId "4119932"]
[WhiteElo "2607"]
[BlackElo "2460"]
[Result "0-1"]
[Round "05"]
[TimeControl "180+1"]
[Date "2022.06.07"]
[WhiteClock "0:00:33"]
[BlackClock "0:00:17"]

1. d4 d5 2. c4 e6 3. Nc3 Be7 4. Nf3 Nf6 5. cxd5 exd5 6. Bf4 c6 7. e3 Bf5 8. Nh4 Bg4 9. Qc2 g6 10. h3 Be6 11. Bd3 O-O 12. Nf3 Nbd7 13. O-O c5 14. dxc5 Nxc5 15. Nd4 Rc8 16. Bh6 Re8 17. Bb5 Bd7 18. Qe2 Nce4 19. Nxe4 dxe4 20. Rfd1 Bxb5 21. Qxb5 Qb6 22. Qxb6 axb6 23. Bg5 Kg7 24. a3 h6 25. Bh4 Red8 26. b4 Bd6 27. Rac1 Rxc1 28. Rxc1 Be5 29. Bg3 Bxd4 30. exd4 Nd5 31. Re1 f5 32. Be5+ Kf7 33. Rc1 Ra8 34. h4 Ke6 35. b5 Kd7 36. Ra1 g5 37. hxg5 hxg5 38. g3 f4 39. Kg2 f3+ 40. Kh3 e3 41. fxe3 Nxe3 42. Ra2 g4+ 43. Kh4 Rg8 44. Bf4 Nf5+ 45. Kh5 Ke6 46. Be5 Kd5 47. Rc2 Nxd4 48. Bxd4 Kxd4 49. Rc7 Rf8 50. Rc1 f2 51. Rf1 Ke3 0-1


[Site "https://www.chess.com"]

[Event "Titled Tuesday Blitz June 07 Late 2022"]
[White "Martinez Alcantara, Jose Eduardo"]
[Black "Bernadskiy, Vitaliy"]
[WhiteFideId "3805662"]
[BlackFideId "14100371"]
[WhiteElo "2703"]
[BlackElo "2473"]
[Result "1-0"]
[Round "05"]
[TimeControl "180+1"]
[Date "2022.06.07"]
[WhiteClock "0:01:30"]
[BlackClock "0:00:44"]

1. e4 c5 2. Nf3 d6 3. Bb5+ Nd7 4. O-O Nf6 5. Re1 a6 6. Bxd7+ Bxd7 7. c3 Bg4 8. h3 Bh5 9. d3 e6 10. Nbd2 Be7 11. Nf1 O-O 12. Ng3 Bg6 13. Nh4 d5 14. Nxg6 hxg6 15. Qe2 dxe4 16. dxe4 e5 17. Bg5 Qc7 18. Nf1 Qc6 19. Bxf6 gxf6 20. Qf3 c4 21. Ne3 Kg7 22. Nd5 Bc5 23. b4 Ba7 24. a4 Rfd8 25. a5 Rd7 26. g4 Rad8 27. Rad1 Qe6 28. Kg2 Rd6 29. Nc7 Qc8 30. Ne8+ Rxe8 31. Rxd6 Re6 32. Red1 1-0


[Site "https://www.chess.com"]

[Event "Titled Tuesday Blitz June 07 Late 2022"]
[White "Moroni, Luca Jr"]
[Black "Bernal Moro, Luis Javier"]
[WhiteFideId "865834"]
[BlackFideId "2200236"]
[WhiteElo "2573"]
[BlackElo "2373"]
[Result "1-0"]
[Round "05"]
[TimeControl "180+1"]
[Date "2022.06.07"]
[WhiteClock "0:01:28"]
[BlackClock "0:00:33"]

1. d4 Nf6 2. Bf4 d6 3. e3 Nbd7 4. Nf3 Nh5 5. Bg5 h6 6. Bh4 g5 7. Nfd2 gxh4 8. Qxh5 e5 9. Bc4 Qe7 10. Nc3 exd4 11. Nd5 Nf6 12. Nxf6+ Qxf6 13. exd4 Be6 14. Qb5+ Bd7 15. Qxb7 Qd8 16. O-O-O Be7 17. Qe4 Kf8 18. Qf3 Be8 19. Rhe1 Kg7 20. Rxe7 1-0


[Site "https://www.chess.com"]

[Event "Titled Tuesday Blitz June 07 Late 2022"]
[White "Moussard, Jules"]
[Black "Zhurbinsky, David"]
[WhiteFideId "642908"]
[BlackFideId "2072904"]
[WhiteElo "2589"]
[BlackElo "2548"]
[Result "1-0"]
[Round "05"]
[TimeControl "180+1"]
[Date "2022.06.07"]
[WhiteClock "0:01:39"]
[BlackClock "0:01:15"]

1. b3 e5 2. Bb2 Nc6 3. e3 Nf6 4. c4 d5 5. cxd5 Nxd5 6. Nc3 Be6 7. Nf3 Bd6 8. Bb5 Qf6 9. O-O O-O 10. Rc1 Nxc3 11. Bxc3 Bd5 12. d3 a6 13. Bc4 Ne7 14. e4 Bc6 15. b4 Ng6 16. Bd2 Rad8 17. Bg5 1-0


[Site "https://www.chess.com"]

[Event "Titled Tuesday Blitz June 07 Late 2022"]
[White "Paravyan, David"]
[Black "Nakamura, Hikaru"]
[WhiteFideId "4194985"]
[BlackFideId "2016192"]
[WhiteElo "2569"]
[BlackElo "2850"]
[Result "0-1"]
[Round "05"]
[TimeControl "180+1"]
[Date "2022.06.07"]
[WhiteClock "0:00:02"]
[BlackClock "0:00:41"]

1. e4 g6 2. d4 Bg7 3. Nf3 a6 4. c4 d6 5. Nc3 Bg4 6. Be2 Nc6 7. Be3 e5 8. d5 Bxf3 9. Bxf3 Nd4 10. g3 Ne7 11. Bg2 c5 12. dxc6 bxc6 13. O-O c5 14. f4 exf4 15. gxf4 Rb8 16. b3 O-O 17. Rc1 f5 18. Kh1 Kh8 19. Bxd4 Bxd4 20. Ne2 Bg7 21. Ng3 Qc7 22. Qd3 Rbd8 23. Rce1 fxe4 24. Bxe4 Rde8 25. f5 gxf5 26. Nxf5 Nxf5 27. Bxf5 Rxe1 28. Rxe1 Qf7 29. Bh3 Qh5 30. Rf1 Re8 31. Qf5 Qh4 32. Qd7 Rd8 33. Qg4 Qh6 34. Qe6 Qd2 35. Qe7 Rg8 36. Rg1 Qd3 37. Rg3 Qb1+ 38. Kg2 Qxa2+ 39. Kh1 Qb1+ 40. Kg2 Qc2+ 41. Kh1 Qd1+ 42. Kg2 Qd2+ 43. Kh1 Qc1+ 44. Kg2 Qb2+ 45. Kh1 Rf8 46. Qxd6 Qb1+ 47. Rg1 Qxb3 48. Bg2 Qxc4 49. Qc7 Bd4 50. Re1 Qf7 51. Qb6 Qg6 52. Qb7 a5 53. Qe7 Rg8 54. Be4 Qg1+ 55. Rxg1 Rxg1# 0-1


[Site "https://www.chess.com"]

[Event "Titled Tuesday Blitz June 07 Late 2022"]
[White "Pinheiro, Iung Alicio de O."]
[Black "Alexiadis, Hristos"]
[WhiteFideId "2104350"]
[BlackFideId "4249623"]
[WhiteElo "2283"]
[BlackElo "2416"]
[Result "0-1"]
[Round "05"]
[TimeControl "180+1"]
[Date "2022.06.07"]
[WhiteClock "0:00:04"]
[BlackClock "0:00:10"]

1. c4 Nf6 2. g3 g6 3. Bg2 Bg7 4. Nc3 O-O 5. e4 d6 6. Nge2 c5 7. d3 Nc6 8. Be3 Ne8 9. d4 cxd4 10. Nxd4 Nc7 11. O-O Ne6 12. Nde2 Bd7 13. Rc1 Rc8 14. b3 a6 15. h3 Re8 16. f4 Qa5 17. a4 Nc5 18. Nd5 b5 19. cxb5 axb5 20. Bd2 Qa7 21. Kh2 bxa4 22. bxa4 Be6 23. Be3 Bxd5 24. Qxd5 Nb4 25. Qd2 Qxa4 26. Rc4 Ncd3 27. Nc3 Qa6 28. Rxc8 Rxc8 29. Nd5 Nxd5 30. exd5 Qc4 31. f5 Ne5 32. fxg6 hxg6 33. Qf2 Bf6 34. Rc1 Qxc1 35. Bxc1 Rxc1 36. Qa7 Kg7 37. Qa4 Rb1 38. Qe4 Rb2 39. h4 Rd2 40. Kh3 Kg8 41. g4 Bg7 42. g5 Rd3+ 43. Kh2 Rd4 44. Qe1 Ng4+ 45. Kh3 Ne5 46. Kh2 Kf8 47. Kh3 Rc4 48. Be4 Kg8 49. Kg2 Ng4 50. Qe2 Ne5 51. Kg1 Rd4 52. Kg2 Bf8 53. h5 gxh5 54. Bf5 Ng4 55. Qc2 Bg7 56. Qc8+ Bf8 57. Bxg4 Rxg4+ 58. Kf3 Rxg5 59. Qe8 Rxd5 60. Ke4 Re5+ 61. Kf4 Re6 62. Kf3 Rf6+ 63. Kg3 Rg6+ 64. Kh3 d5 65. Qd8 e6 66. Kh4 Kg7 67. Kxh5 Ba3 68. Qc7 Bb2 69. Qc2 Bf6 0-1


[Site "https://www.chess.com"]

[Event "Titled Tuesday Blitz June 07 Late 2022"]
[White "Rosen, Eric"]
[Black "Manukian, Artak"]
[WhiteFideId "2032562"]
[BlackFideId "13301373"]
[WhiteElo "2362"]
[BlackElo "2564"]
[Result "1-0"]
[Round "05"]
[TimeControl "180+1"]
[Date "2022.06.07"]
[WhiteClock "0:00:21"]
[BlackClock "0:00:21"]

1. d4 d5 2. Bf4 Nf6 3. e3 Bg4 4. Nf3 e6 5. c3 Nbd7 6. Qb3 Bxf3 7. gxf3 Rb8 8. Nd2 Bd6 9. Bg3 O-O 10. f4 c5 11. Bg2 g6 12. O-O b5 13. Nf3 Ne4 14. Rad1 b4 15. c4 dxc4 16. Qxc4 Nb6 17. Qd3 f5 18. Bh4 Be7 19. dxc5 Qxd3 20. Rxd3 Bxc5 21. Ne5 Rb7 22. Rfd1 Be7 23. Bxe7 Rxe7 24. Bxe4 fxe4 25. Rd4 Rc8 26. Rxe4 Nd5 27. Kg2 Rc2 28. Rdd4 a5 29. Nc4 Kf7 30. Re5 a4 31. a3 b3 32. Kf3 Rc7 33. Nd6+ Kg7 34. Rxe6 Nf6 35. Rxf6 Kxf6 36. Ne8+ Ke7 37. Nxc7 Rxc7 38. Rxa4 Rc2 39. Ra7+ Kf6 40. Rxh7 Rxb2 41. Rb7 Rb1 42. a4 Ke6 43. a5 Kd6 44. a6 Kc6 45. Rb4 Ra1 46. Rxb3 Rxa6 47. Rd3 Ra8 48. Kg4 Rh8 49. h4 Rh5 50. e4 Rb5 51. e5 Rb2 52. Rd6+ Kc5 53. Rxg6 Rxf2 54. Kf5 Kd4 55. h5 Ke3 56. Rg4 Rh2 57. e6 Rxh5+ 58. Rg5 Rh8 59. e7 Kd4 60. Ke6 1-0


[Site "https://www.chess.com"]

[Event "Titled Tuesday Blitz June 07 Late 2022"]
[White "Saveliev, Alexei"]
[Black "Svane, Frederik"]
[WhiteFideId "24128546"]
[BlackFideId "12923044"]
[WhiteElo "2281"]
[BlackElo "2459"]
[Result "1/2-1/2"]
[Round "05"]
[TimeControl "180+1"]
[Date "2022.06.07"]
[WhiteClock "0:00:05"]
[BlackClock "0:00:08"]

1. c4 c5 2. Nf3 g6 3. Nc3 Bg7 4. e3 Nf6 5. d4 cxd4 6. exd4 d5 7. cxd5 Nxd5 8. Bb5+ Nc6 9. O-O O-O 10. h3 a6 11. Bxc6 bxc6 12. Bg5 Nf6 13. Qd2 Be6 14. Bh6 Bd5 15. Ne5 Rb8 16. Bxg7 Kxg7 17. Rfe1 Qb6 18. b3 Rfd8 19. Rac1 Qb4 20. Qe3 Rbc8 21. Nd3 Qd6 22. Qxe7 Be6 23. Qxd6 Rxd6 24. Nc5 Re8 25. Nxa6 Ra8 26. Nc5 Bc8 27. N3e4 Rxd4 28. Nxf6 Kxf6 29. Re8 Bb7 30. Rxa8 Bxa8 31. Re1 Rd5 32. Ne4+ Ke6 33. h4 h6 34. Nc3+ Re5 35. Rd1 Rc5 36. Re1+ Kd7 37. Na4 Rc2 38. Nb6+ Kc7 39. Nxa8+ Kb7 40. Re8 Rxa2 41. Rf8 Ra1+ 42. Kh2 Rxa8 43. Rxf7+ Kb6 44. Rf6 Rg8 45. g4 Kb5 46. Kg3 c5 47. f4 Rd8 48. Rxg6 Rd3+ 49. Kf2 Rxb3 50. Rxh6 c4 51. Rh8 c3 52. Rc8 Kb4 53. f5 Rb2+ 54. Kf3 c2 55. Kf4 Kb3 56. f6 Rb1 57. f7 Rf1+ 58. Kg5 Rxf7 59. h5 Rf3 60. Rxc2 Kxc2 61. h6 Kd3 62. Kg6 Ke4 63. h7 Rh3 64. g5 Kf4 65. Kg7 Kxg5 66. h8=Q Rxh8 67. Kxh8 1/2-1/2


[Site "https://www.chess.com"]

[Event "Titled Tuesday Blitz June 07 Late 2022"]
[White "Silva, Miguel Antonio Neto"]
[Black "Guseinov, Gadir"]
[WhiteFideId "1911929"]
[BlackFideId "13401378"]
[WhiteElo "2204"]
[BlackElo "2581"]
[Result "0-1"]
[Round "05"]
[TimeControl "180+1"]
[Date "2022.06.07"]
[WhiteClock "0:00:16"]
[BlackClock "0:02:02"]

1. d4 Nf6 2. c4 g6 3. Nc3 Bg7 4. e4 d6 5. Nf3 O-O 6. h3 e5 7. d5 Nh5 8. g3 a5 9. Nh4 Na6 10. Be3 Nc5 11. Be2 Nf6 12. Qc2 Nfd7 13. O-O-O a4 14. Kb1 Kh8 15. Bg4 Nb6 16. Be2 f5 17. Bxc5 dxc5 18. Bd3 Qf6 19. Rhe1 f4 20. Nb5 Bxh3 21. Nxc7 Rac8 22. Nb5 Bg4 23. Be2 Bd7 24. Nc3 a3 25. b3 Rc7 26. Rh1 Nc8 27. d6 Rc6 28. Nd5 Qf7 29. Ne7 Nxe7 30. dxe7 Qxe7 31. Qd2 Be8 32. Qd8 Qxd8 33. Rxd8 Kg8 34. Bg4 Bf6 35. Rb8 Bxh4 36. gxh4 Rd6 37. Rd1 Rxd1+ 38. Bxd1 Bc6 39. Rxf8+ Kxf8 40. Bf3 Kg7 41. Kc2 Kf6 42. Kc3 g5 43. hxg5+ Kxg5 44. b4 cxb4+ 45. Kxb4 Kh4 46. Kxa3 Kh3 47. Kb4 Kh2 48. Kc5 Kg1 49. Kd6 Kxf2 50. Bh5 Ke3 51. Kxe5 Bxe4 52. a4 f3 0-1


[Site "https://www.chess.com"]

[Event "Titled Tuesday Blitz June 07 Late 2022"]
[White "Suleymanli, Aydin"]
[Black "Mamedov, Rauf"]
[WhiteFideId "13413937"]
[BlackFideId "13401653"]
[WhiteElo "2481"]
[BlackElo "2666"]
[Result "0-1"]
[Round "05"]
[TimeControl "180+1"]
[Date "2022.06.07"]
[WhiteClock "0:00:02"]
[BlackClock "0:01:19"]

1. e4 c5 2. Nf3 d6 3. Bb5+ Bd7 4. a4 Nc6 5. O-O Nf6 6. Re1 a6 7. Bf1 Bg4 8. h3 Bh5 9. g4 Bg6 10. Nc3 e5 11. d3 Be7 12. Bg2 Nd4 13. Nd2 h5 14. Nc4 hxg4 15. hxg4 Ne6 16. Nd5 Kf8 17. Ncb6 Nxd5 18. Nxd5 Bg5 19. Rb1 Bxc1 20. Qxc1 Qh4 21. f3 Qg3 22. Qe3 Nd4 23. Re2 Rh2 24. Kf1 f6 25. Qf2 Nxe2 26. Qxe2 Bf7 27. Ne3 Be6 28. Qf2 Qf4 29. b4 c4 30. dxc4 Rc8 31. Kg1 Rh8 0-1


[Site "https://www.chess.com"]

[Event "Titled Tuesday Blitz June 07 Late 2022"]
[White "Tahbaz, Arash"]
[Black "Adla, Diego"]
[WhiteFideId "12528846"]
[BlackFideId "100072"]
[WhiteElo "2389"]
[BlackElo "2377"]
[Result "1-0"]
[Round "05"]
[TimeControl "180+1"]
[Date "2022.06.07"]
[WhiteClock "0:02:38"]
[BlackClock "0:02:08"]

1. Nf3 d5 2. g3 Nd7 3. Bg2 e5 4. O-O Ngf6 5. d4 exd4 6. Nxd4 c6 7. b3 Bc5 8. Bb2 O-O 9. Nd2 Re8 10. c4 dxc4 11. Nxc4 Nb6 12. Qc2 Bxd4 13. Rad1 c5 14. e3 Nxc4 15. bxc4 Bg4 16. Rd2 Qc8 17. exd4 Bh3 18. d5 Bxg2 19. Kxg2 Ne4 20. Re2 Qf5 21. Rfe1 1-0


[Site "https://www.chess.com"]

[Event "Titled Tuesday Blitz June 07 Late 2022"]
[White "Tanenbaum, Zachary"]
[Black "Hansen, Eric"]
[WhiteFideId "2060850"]
[BlackFideId "2606771"]
[WhiteElo "2175"]
[BlackElo "2568"]
[Result "0-1"]
[Round "05"]
[TimeControl "180+1"]
[Date "2022.06.07"]
[WhiteClock "0:00:04"]
[BlackClock "0:01:21"]

1. e4 c5 2. Nf3 e6 3. d4 cxd4 4. Nxd4 Nc6 5. Nc3 d6 6. g3 a6 7. Bg2 Bd7 8. O-O Rc8 9. Re1 Be7 10. Nxc6 Bxc6 11. Qg4 h5 12. Qe2 h4 13. Bf4 hxg3 14. hxg3 Qb6 15. Be3 Qxb2 16. Bd4 Qb4 17. Bxg7 Rh7 18. Nd5 exd5 19. exd5 Bb5 20. c4 Qxc4 21. Qe3 Rxg7 22. Rac1 Qg4 23. Qe4 Rxc1 24. Qxg4 Rxe1+ 0-1


[Site "https://www.chess.com"]

[Event "Titled Tuesday Blitz June 07 Late 2022"]
[White "Terry, Renato"]
[Black "Ibarra Jerez, Jose Carlos"]
[WhiteFideId "3803457"]
[BlackFideId "2226332"]
[WhiteElo "2577"]
[BlackElo "2628"]
[Result "1/2-1/2"]
[Round "05"]
[TimeControl "180+1"]
[Date "2022.06.07"]
[WhiteClock "0:00:05"]
[BlackClock "0:00:06"]

1. d4 d6 2. Nf3 g6 3. e4 Nf6 4. Bd3 Bg7 5. O-O O-O 6. c3 Nbd7 7. e5 dxe5 8. dxe5 Ng4 9. e6 fxe6 10. Nbd2 Nde5 11. Be2 Nd3 12. Ne4 Nxc1 13. Qxc1 Nf6 14. Rd1 Qe8 15. Ng3 Nd5 16. Qc2 Nf4 17. Bf1 b6 18. Ng5 Bb7 19. Re1 e5 20. Rad1 h6 21. N5e4 Qc6 22. Qb3+ Kh7 23. Bb5 Qe6 24. Qxe6 Nxe6 25. Rd7 Rfe8 26. Bc4 Nf4 27. Rxc7 Bd5 28. Bb5 Rf8 29. Rxe7 Kh8 30. b3 a6 31. Bf1 Rad8 32. Bxa6 h5 33. h4 Ra8 34. Bb7 Ra7 35. Bxd5 Rxe7 36. Bc4 Rd8 37. Ng5 Rdd7 38. N3e4 Bh6 39. Nf3 Kg7 40. g3 Nd3 41. Re2 Re8 42. Kg2 Red8 43. Bxd3 Rxd3 44. Nxe5 Rd1 45. Nf3 Ra1 46. Nd4 Re8 47. a4 Rb1 48. Kf3 Kh8 49. Nd6 Rxe2 50. Kxe2 Bg7 51. N6b5 Bxd4 52. Nxd4 Rb2+ 53. Ke3 Kg7 54. f3 Kf6 55. Kf4 Rb1 56. g4 Rc1 57. c4 Rd1 58. Ke4 Rh1 59. b4 Rxh4 60. Kf4 hxg4 61. fxg4 g5+ 62. Kg3 Rh1 63. c5 bxc5 64. bxc5 Rc1 65. c6 Rc3+ 66. Kf2 Rc4 67. Ke3 Ke5 68. Nf3+ Kf6 69. Nd4 Ke5 70. Nf3+ Kf6 71. Nd4 1/2-1/2


[Site "https://www.chess.com"]

[Event "Titled Tuesday Blitz June 07 Late 2022"]
[White "Van Dael, Siem"]
[Black "Urazayev, Arystanbek"]
[WhiteFideId "1049771"]
[BlackFideId "13709810"]
[WhiteElo "2113"]
[BlackElo "2422"]
[Result "0-1"]
[Round "05"]
[TimeControl "180+1"]
[Date "2022.06.07"]
[WhiteClock "0:00:03"]
[BlackClock "0:00:20"]

1. e4 c6 2. d4 d5 3. exd5 cxd5 4. Nf3 Nc6 5. Ne5 Qb6 6. Nc3 e6 7. Bb5 a6 8. Qh5 Qc7 9. Bxc6+ bxc6 10. Bf4 Nf6 11. Qf3 Bd6 12. O-O O-O 13. Na4 Ne4 14. Rfe1 f6 15. Nd3 e5 16. Be3 Ng5 17. Qh5 e4 18. Ndc5 Bf5 19. h3 Bg6 20. Qh4 h6 21. Nc3 a5 22. a4 Rae8 23. Ne2 Bf7 24. Bf4 Nh7 25. Bxd6 Qxd6 26. Qg3 Qd8 27. Nc1 f5 28. N1b3 Bh5 29. Nb7 f4 30. Qg4 Qc7 31. Qxh5 Qxb7 32. Rab1 f3 33. Nxa5 Qc7 34. Nb3 fxg2 35. Qg4 Ng5 36. Kxg2 Nf3 37. Re2 Qh2+ 38. Kf1 Qh1+ 39. Qg1 Qxg1# 0-1


[Site "https://www.chess.com"]

[Event "Titled Tuesday Blitz June 07 Late 2022"]
[White "Van Foreest, Jorden"]
[Black "Abarca Gonzalez, Nicolas"]
[WhiteFideId "1039784"]
[BlackFideId "3409422"]
[WhiteElo "2609"]
[BlackElo "2504"]
[Result "0-1"]
[Round "05"]
[TimeControl "180+1"]
[Date "2022.06.07"]
[WhiteClock "0:01:20"]
[BlackClock "0:01:01"]

1. e4 c5 2. Nc3 e6 3. g3 a6 4. Bg2 Nc6 5. d3 h5 6. f4 h4 7. Nf3 h3 8. Bf1 d5 9. Ng5 d4 10. Ne2 Nf6 11. Nxh3 e5 12. f5 g6 13. Bg2 gxf5 14. exf5 Bxf5 15. Ng5 Be7 16. O-O Qd7 17. Qe1 Ng4 18. h3 Ne3 19. Bxe3 dxe3 20. Nxf7 Rxh3 21. Bxh3 Bxh3 22. Rf3 Qd5 23. Qf1 Bxf1 24. Raxf1 Nd4 25. Rxe3 Nxc2 26. Rxe5 Qxf7 27. Rxf7 Kxf7 28. Rf5+ Ke6 29. Rh5 Rg8 30. Kf2 Nd4 31. Nf4+ Kd7 32. Rh7 Kd6 33. Rh6+ Kd7 34. Rh7 Nf5 35. Nh5 Ke6 36. Kf3 b5 37. Nf4+ Kd6 38. g4 Nd4+ 39. Kg3 Bf6 40. Rh6 Nf5+ 0-1


[Site "https://www.chess.com"]

[Event "Titled Tuesday Blitz June 07 Late 2022"]
[White "Wieczorek, Oskar"]
[Black "Bortnyk, Mykola"]
[WhiteFideId "1133950"]
[BlackFideId "14120836"]
[WhiteElo "2330"]
[BlackElo "2582"]
[Result "1-0"]
[Round "05"]
[TimeControl "180+1"]
[Date "2022.06.07"]
[WhiteClock "0:00:07"]
[BlackClock "0:00:03"]

1. e4 Nf6 2. e5 Nd5 3. d4 d6 4. Nf3 dxe5 5. Nxe5 c6 6. Be2 Bf5 7. O-O Nd7 8. Nf3 N7f6 9. c4 Nb4 10. Nh4 Bc2 11. Qd2 Ne4 12. Qxb4 e5 13. Qxb7 Rc8 14. Nf3 Rc7 15. Qa6 exd4 16. Nbd2 Nc5 17. Qa5 Bd6 18. Bd1 Bd3 19. Re1+ Ne6 20. c5 Be7 21. Nb3 O-O 22. Ne5 Bf5 23. Bf3 Qc8 24. Be4 Bxe4 25. Rxe4 Rd8 26. Nd3 Rd5 27. Qe1 Bf6 28. Bf4 Rb7 29. Bd6 h6 30. Nd2 Kh7 31. Nc4 Ng5 32. Re8 Qg4 33. Bg3 h5 34. Qe2 Qxe2 35. Rxe2 Ne6 36. b3 h4 37. Be5 Nxc5 38. Nxc5 Rxc5 39. Bxf6 gxf6 40. Rd1 Rd5 41. Re4 c5 42. Rxh4+ Kg7 43. Rh3 Re7 44. Rhd3 f5 45. g3 Kf6 46. Kg2 Rd8 47. Kf3 Rde8 48. R3d2 Re6 49. Nb2 Ra6 50. Nd3 Ra5 51. Rc1 Rc8 52. Rdc2 Rh8 53. h4 Rc8 54. Rxc5 Rcxc5 55. Rxc5 Rxa2 56. Rc4 Ra3 57. Rb4 a5 58. Rb6+ Kg7 59. Ke2 Ra2+ 60. Kf3 Ra3 61. Kf4 a4 62. Nc5 d3 63. Nxd3 axb3 64. Nc5 Ra2 65. Rxb3 Rxf2+ 66. Rf3 Rc2 67. Nb3 Kf6 68. Nd4 Rc4 69. Rd3 Ra4 70. Ke3 Ke5 71. Nf3+ Ke6 72. Rb3 Ra6 73. Nd4+ Kf6 74. Kf3 Ra4 75. Ne2 Ra6 76. Nf4 Rc6 77. Rb6 1-0


[Site "https://www.chess.com"]

[Event "Titled Tuesday Blitz June 07 Late 2022"]
[White "Xiong, Jeffery"]
[Black "Makarian, Rudik"]
[WhiteFideId "2047640"]
[BlackFideId "44105681"]
[WhiteElo "2714"]
[BlackElo "2398"]
[Result "1-0"]
[Round "05"]
[TimeControl "180+1"]
[Date "2022.06.07"]
[WhiteClock "0:00:10"]
[BlackClock "0:00:11"]

1. e4 c5 2. Nf3 d6 3. Bb5+ Nd7 4. d4 cxd4 5. Nxd4 Nf6 6. O-O a6 7. Bd3 g6 8. c4 Bg7 9. Nc3 O-O 10. Re1 Nc5 11. Bf1 Ng4 12. f3 Ne5 13. Be3 Bd7 14. Rc1 Rc8 15. b4 Ne6 16. Nxe6 fxe6 17. c5 dxc5 18. bxc5 Qe8 19. Qb3 Rb8 20. Rcd1 Kh8 21. Bd4 g5 22. Qb2 Nc6 23. Bxg7+ Kxg7 24. Nd5+ e5 25. Bc4 Kg6 26. Nb4 Nxb4 27. Qxb4 Bc6 28. Qb2 Kf6 29. Rf1 Qh5 30. f4 gxf4 31. Rxf4+ Kg6 32. Be2 Qxe2 33. Qxe2 Rxf4 34. Rf1 Rbf8 35. Rxf4 Rxf4 36. Qd3 Rxe4 37. h3 Kf7 38. Qb3+ Kg7 39. Qb2 Rd4 40. Kh2 Rd5 41. Qc3 Kf6 42. Kg3 Kf5 43. Kh4 e4 44. g4+ Kf4 45. Qg3# 1-0


[Site "https://www.chess.com"]

[Event "Titled Tuesday Blitz June 07 Late 2022"]
[White "Zhigalko, Sergei"]
[Black "Rohl Montes, Juan Armando"]
[WhiteFideId "13502956"]
[BlackFideId "3900487"]
[WhiteElo "2662"]
[BlackElo "2359"]
[Result "0-1"]
[Round "05"]
[TimeControl "180+1"]
[Date "2022.06.07"]
[WhiteClock "0:00:07"]
[BlackClock "0:00:22"]

1. e4 e5 2. Nf3 Nc6 3. Bc4 Nf6 4. d3 Bc5 5. O-O O-O 6. Nbd2 d5 7. exd5 Nxd5 8. Ne4 Be7 9. Re1 a6 10. Ng3 Nb6 11. Bb3 Bf6 12. h3 a5 13. a3 Nd4 14. Nxd4 exd4 15. Qf3 a4 16. Ba2 c6 17. Nh5 Be6 18. Nxf6+ Qxf6 19. Qxf6 gxf6 20. Bxe6 fxe6 21. Rxe6 Kf7 22. Re4 Rfe8 23. Kf1 Rxe4 24. dxe4 Nc4 25. Ke2 b5 26. Kd3 c5 27. f4 h5 28. Ke2 h4 29. b3 axb3 30. cxb3 Na5 31. Rb1 c4 32. bxc4 bxc4 33. Rb5 Nb3 34. Bb2 d3+ 35. Ke3 Rd8 36. Rb7+ Kg8 37. Bc3 d2 38. Bxd2 Rxd2 39. e5 fxe5 40. fxe5 Rxg2 41. Kf4 Rg7 42. Rb8+ Kh7 43. e6 Rc7 44. Rd8 Kg6 45. Ke5 c3 46. Rg8+ Kh6 47. Kd6 c2 48. Rg1 c1=Q 49. Rxc1 Rxc1 50. e7 Re1 51. a4 Nc5 52. a5 Nb7+ 53. Kd7 Nxa5 54. e8=Q Rxe8 55. Kxe8 Kg5 56. Kf7 Kf4 57. Kg6 Kg3 0-1


[Site "https://www.chess.com"]